 Dungeon Crawl Stone Soup version 0.24-a0-549-g45f0056d81 (webtiles) character file.

Game seed: 5594844358328056771

0 Jannitor the Ducker (level 1, 0/11 HPs)
             Began as a Spriggan Abyssal Knight on Aug 19, 2019.
             Was a Follower of Lugonu.
             Incinerated by a smoke demon (4 damage)
             ... with a sticky flame
             ... on level 5 of the Abyss.
             The game lasted 00:01:11 (183 turns).

Jannitor the Ducker (Spriggan Abyssal Knight)        Turns: 183, Time: 00:01:12

Health: 0/11       AC:  2    Str:  8    XL:     1   Next: 0%
Magic:  3/3        EV: 18    Int: 13    God:    Lugonu [*.....]
Gold:   146        SH:  0    Dex: 15    Spells: 0/0 levels left

rFire    . . .     SeeInvis +   a - +1 short sword
rCold    . . .     Gourm    .   (shield restricted)
rNeg     . . .     Faith    .   b - +0 robe
rPois    .         Spirit   .   (helmet restricted)
rElec    .         Reflect  .   (no cloak)
rCorr    .         Harm     .   (gloves unavailable)
MR       .....                  (boots unavailable)
Stlth    +.........             (no amulet)
HPRegen  0.03/turn              (no ring)
MPRegen  0.08/turn              (no ring)

@: liquid flames, glowing, very quick
A: very small, unfitting armour, see invisible, herbivore, speed 3, slow
metabolism 2
a: Depart the Abyss, Renounce Religion


You were on level 5 of the Abyss.
You worshipped Lugonu.
Lugonu was aware of your devotion.
You were not hungry.

You visited 0 branches of the dungeon, and saw 0 of its levels.
You visited the Abyss 1 time.

You collected 146 gold pieces.

Inventory:

Hand Weapons
 a - a +1 short sword (weapon)
Missiles
 d - 2 boomerangs (quivered)
Armour
 b - a +0 robe (worn)
Wands
 e - a wand of flame (25)
Potions
 f - a potion of brilliance
Comestibles
 c - 2 rations


   Skills:
 + Level 2.4 Fighting
 + Level 2.1 Short Blades
 + Level 3.5 Dodging
 + Level 1.7 Invocations


You couldn't memorise any spells.
You didn't know any spells.
Your spell library was empty.

Dungeon Overview and Level Annotations

Branches:
Dungeon (0/15)

Altars:


Innate Abilities, Weirdness & Mutations

You are very small and have problems with some larger weapons.
You are too small for most types of armour.
You have supernaturally acute eyesight. (SInv)
You are a herbivore.
You cover ground extremely quickly.
You need to consume almost no food.


Message History

A large abomination comes into view.
An elephant comes into view.
The elephant trumpets!
A starcursed mass comes into view.
Found an abyssal rune of Zot.
A raiju comes into view.
The elephant changes into a faun!
The raiju barks!
A smoke demon comes into view.
You aren't carrying any scrolls.
Okay, then.
Unknown command.
Unknown command.
Unknown command.
The smoke demon gestures at you. The sticky flame hits you!
You are covered in liquid flames!
Ouch! That really hurt!
You are covered in liquid flames!
You die...

####.# ##. #.... .... ##
# #...### ##...# # .. +
#.#..#.##...# ##. x..
#.......@## ## #φ #..
#....##.#.##..#. # xX
##...hX...3......
.##..*##.c.....X.........
. ..###
#..X.#.....#.....# . ..
.cX. ..###..X###...## .
##.....#...#.....#.....#
.. . #.#.................
. #. #.........x.... ....
.


You could see a tentacled starspawn, 3 large abominations and a smoke demon.

Vanquished Creatures (others)
  2 starspawn tentacles (Abyss:5)
2 creatures vanquished.

Notes
Turn   | Place    | Note
-------+----------+-------------------------------------------
     0 | Abyss:1  | Jannitor the Spriggan Abyssal Knight began the quest for
                  | the Orb.
     0 | Abyss:1  | Reached XP level 1. HP: 11/11 MP: 3/3
    41 | Abyss:1  | Noticed a large abomination
    80 | Abyss:3  | Found a corrupted altar of Lugonu.
    90 | Abyss:3  | Noticed a spatial maelstrom
   105 | Abyss:5  | Entered Level 5 of the Abyss
   105 | Abyss:5  | Noticed a worldbinder
   121 | Abyss:5  | Noticed a ynoxinul
   122 | Abyss:5  | Noticed an apocalypse crab
   134 | Abyss:5  | Noticed a tentacled starspawn
   135 | Abyss:5  | Noticed a small abomination
   152 | Abyss:5  | Noticed a large abomination
   157 | Abyss:5  | Noticed a large abomination
   164 | Abyss:5  | Noticed a wretched star
   165 | Abyss:5  | Noticed a large abomination
   167 | Abyss:5  | Noticed an elephant
   168 | Abyss:5  | Noticed a starcursed mass
   170 | Abyss:5  | Noticed an ancient zyme
   170 | Abyss:5  | Noticed a worldbinder
   170 | Abyss:5  | Noticed an ancient zyme
   170 | Abyss:5  | Noticed a ghost moth
   170 | Abyss:5  | Noticed a starcursed mass
   171 | Abyss:5  | Noticed a raiju
   172 | Abyss:5  | Noticed a faun
   172 | Abyss:5  | an elephant changed into a faun
   179 | Abyss:5  | Noticed a smoke demon
   183 | Abyss:5  | Incinerated by a smoke demon

Levels and vault maps discovered:
Abyss:5:  evilmike_abyss_exit_smiterflies,
          evilmike_nicolae_abyss_rune_containment_curve, evilmike_abyss_exit_11,
          hangedman_abyss_or_decor_slice

Action                   || total
-------------------------++-------
  Use: Potion            ||     1

Table legend:
 A = Non-vault XP
 B = Vault XP
 C = Vault XP percentage of total XP
 D = Non-vault monster count
 E = Vault monster count
 F = Vault count percentage of total count
                 A         B        C        D         E       F
            +---------+---------+-------+---------+---------+-------
      Total |       0 |       0 |   N/A |       0 |       0 |  -nan
            +---------+---------+-------+---------+---------+-------
            +---------+---------+-------+---------+---------+-------
